TOP OF THE 1ST |
Chula Vista Tacos batting - Pitching for Eau Claire Esquires : LHP Rob Lucas
|
Pitching: LHP Rob Lucas
|
|
Batting: RHB Jorge Collazo
|
0-0: Called Strike 0-1: Foul Ball, location: 2F 0-2: Ball 1-2: Ball 2-2: Hit by Pitch
|
Batting: RHB John Nelson
|
0-0: Ball Jorge Collazo steals 2nd base 1-0: Ball 2-0: Foul Ball, location: 2F 2-1: Ground out U3 (Groundball, 3S) Jorge Collazo to third
|
Batting: SHB Adrián Nieto
|
0-0: Ball 1-0: Called Strike 1-1: SINGLE (Flyball, 89S) Jorge Collazo scores
|
Batting: RHB Marty Hendrickson
|
0-0: Foul Ball, location: 2F 0-1: Ball 1-1: Ball 2-1: Foul Ball, location: 2F 2-2: Strikes out swinging Adrián Nieto is caught stealing 2nd base Batter strikes out.
|
Top of the 1st over - 1 run(s), 1 hit(s), 0 error(s), 0 left on base; Chula Vista 1 - Eau Claire 0 |
BOTTOM OF THE 1ST |
Eau Claire Esquires batting - Pitching for Chula Vista Tacos : RHP Enrique Sánchez
|
Pitching: RHP Enrique Sánchez
|
|
Batting: RHB Eric Fuller
|
0-0: Swinging Strike 0-1: Swinging Strike 0-2: Strikes out swinging
|
Batting: LHB Edwin Ryan
|
0-0: SINGLE (Line Drive, 89M)
|
Batting: RHB Roberto García
|
0-0: Ball 1-0: Foul Ball, location: 2F 1-1: Ball 2-1: SINGLE (Flyball, 6MD) Edwin Ryan to second
|
Batting: LHB Michael Cook
|
0-0: Called Strike 0-1: Ball 1-1: Foul Ball, location: 2F 1-2: Strikes out swinging
|
Batting: RHB Norm Francis
|
0-0: Ground out 5-3 (Groundball, 5L)
|
Bottom of the 1st over - 0 run(s), 2 hit(s), 0 error(s), 2 left on base; Chula Vista 1 - Eau Claire 0 |
TOP OF THE 2ND |
Chula Vista Tacos batting - Pitching for Eau Claire Esquires : LHP Rob Lucas
|
Batting: RHB Griswold Coleman
|
0-0: Called Strike 0-1: Swinging Strike 0-2: Ball 1-2: DOUBLE (Line Drive, 7LS)
|
Batting: RHB Luis Martínez
|
0-0: Ball 1-0: Foul Ball, location: 2F 1-1: Ground out 5-3 (Groundball, 6)
|
Batting: LHB Alberto Santos
|
0-0: Ball 1-0: Called Strike 1-1: SINGLE (Groundball, 4MD) Griswold Coleman to third Runner from 3rd tries for Home, SAFE, throw made home Alberto Santos to second
|
Batting: RHB José Oliveira
|
0-0: Called Strike 0-1: Ball 1-1: Ball 2-1: Ball 3-1: Base on Balls
|
Batting: LHB Ken Phillips
|
0-0: Swinging Strike 0-1: Fielders Choice at 2nd, 3-6 (Groundball, 3) Alberto Santos to third
|
Batting: RHB Jorge Collazo
|
0-0: Called Strike 0-1: SINGLE (Line Drive, 8RS) Alberto Santos scores Ken Phillips to second
|
Batting: RHB John Nelson
|
0-0: Ball 1-0: Ball 2-0: Called Strike 2-1: Foul Ball, location: 2F 2-2: Ball 3-2: Strikes out looking
|
Top of the 2nd over - 2 run(s), 3 hit(s), 0 error(s), 2 left on base; Chula Vista 3 - Eau Claire 0 |
BOTTOM OF THE 2ND |
Eau Claire Esquires batting - Pitching for Chula Vista Tacos : RHP Enrique Sánchez
|
Batting: RHB Dave Parker
|
0-0: Hit by Pitch
|
Batting: RHB José Ruíz
|
0-0: Ball 1-0: Ball 2-0: Called Strike 2-1: Fielders Choice at 2nd, 5-4 (Groundball, 56)
|
Batting: RHB Ronald Parsons
|
0-0: Ball José Ruíz steals 2nd base 1-0: Called Strike 1-1: Swinging Strike 1-2: Strikes out looking
|
Batting: LHB Manny Salazar
|
0-0: Ground out 6-3 (Groundball, 6M)
|
Bottom of the 2nd over - 0 run(s), 0 hit(s), 0 error(s), 1 left on base; Chula Vista 3 - Eau Claire 0 |
TOP OF THE 3RD |
Chula Vista Tacos batting - Pitching for Eau Claire Esquires : LHP Rob Lucas
|
Batting: SHB Adrián Nieto
|
0-0: Ball 1-0: Swinging Strike 1-1: Ball 2-1: Foul Ball, location: 2F 2-2: Strikes out swinging
|
Batting: RHB Marty Hendrickson
|
0-0: Called Strike 0-1: Foul Ball, location: 2F 0-2: DOUBLE (Flyball, 9LM)
|
Batting: RHB Griswold Coleman
|
0-0: Swinging Strike 0-1: Reached on error, E5 (Groundball, 5L) Marty Hendrickson scores
|
Batting: RHB Luis Martínez
|
0-0: Swinging Strike 0-1: Swinging Strike 0-2: Strikes out swinging
|
Batting: LHB Alberto Santos
|
0-0: SINGLE (Groundball, 4MD) Griswold Coleman to third Runner from 3rd tries for Home, SAFE, no throw or cutoff
|
Batting: RHB José Oliveira
|
0-0: Called Strike 0-1: Foul Ball, location: 2F 0-2: Ground out 5-3 (Groundball, 56)
|
Top of the 3rd over - 2 run(s), 2 hit(s), 1 error(s), 1 left on base; Chula Vista 5 - Eau Claire 0 |
BOTTOM OF THE 3RD |
Eau Claire Esquires batting - Pitching for Chula Vista Tacos : RHP Enrique Sánchez
|
Batting: RHB Eric Fuller
|
0-0: Called Strike 0-1: SINGLE (Line Drive, 6MD)
|
Batting: LHB Edwin Ryan
|
0-0: DOUBLE (Flyball, 89XD) Eric Fuller to third
|
Batting: RHB Roberto García
|
0-0: Ball 1-0: Ball 2-0: Ball 3-0: Called Strike 3-1: 3-RUN HOME RUN (Flyball, 7LD), Distance : 311 ft
|
Batting: LHB Michael Cook
|
0-0: Called Strike 0-1: Ball 1-1: Called Strike 1-2: Ball 2-2: Strikes out swinging
|
Batting: RHB Norm Francis
|
0-0: Ball 1-0: Fly out, F7 (Flyball, 7D)
|
Batting: RHB Dave Parker
|
0-0: Ground out 4-3 (Groundball, 13)
|
Bottom of the 3rd over - 3 run(s), 3 hit(s), 0 error(s), 0 left on base; Chula Vista 5 - Eau Claire 3 |
TOP OF THE 4TH |
Chula Vista Tacos batting - Pitching for Eau Claire Esquires : LHP Rob Lucas
|
Batting: LHB Ken Phillips
|
0-0: Ball 1-0: Called Strike 1-1: SINGLE (Groundball, 56)
|
Batting: RHB Jorge Collazo
|
0-0: Ball 1-0: SINGLE (Groundball, 5L) Ken Phillips to second
|
Batting: RHB John Nelson
|
0-0: Swinging Strike 0-1: Foul Ball, location: 2F 0-2: Ball 1-2: Foul Ball, location: 2F 1-2: Strikes out swinging
|
Batting: SHB Adrián Nieto
|
0-0: DOUBLE (Flyball, 89M) Ken Phillips scores Jorge Collazo to third Runner from 3rd tries for Home, SAFE, no throw or cutoff
|
Pitching: RHP Ray McIntyre
|
|
Batting: RHB Marty Hendrickson
|
0-0: Ball 1-0: Ball 2-0: Foul Ball, location: 2F 2-1: Swinging Strike 2-2: Foul Ball, location: 2F 2-2: Strikes out swinging
|
Batting: RHB Griswold Coleman
|
0-0: Ball 1-0: Fly out, F8 (Line Drive, 78XD)
|
Top of the 4th over - 2 run(s), 3 hit(s), 0 error(s), 1 left on base; Chula Vista 7 - Eau Claire 3 |
BOTTOM OF THE 4TH |
Eau Claire Esquires batting - Pitching for Chula Vista Tacos : RHP Enrique Sánchez
|
Batting: RHB José Ruíz
|
0-0: Ground out 6-3 (Groundball, 6M)
|
Batting: RHB Ronald Parsons
|
0-0: Swinging Strike 0-1: Foul Ball, location: 2F 0-2: Ball 1-2: Ball 2-2: SINGLE (Groundball, 5D)
|
Batting: LHB Manny Salazar
|
0-0: Fly out, F3 (Popup, 3SF)
|
Batting: RHB Eric Fuller
|
0-0: Swinging Strike 0-1: Ball 1-1: Foul Ball, location: 2F 1-2: SINGLE (Groundball, 6MD) Ronald Parsons to second
|
Batting: LHB Edwin Ryan
|
0-0: Ball 1-0: Ground out 4-3 (Groundball, 4)
|
Bottom of the 4th over - 0 run(s), 2 hit(s), 0 error(s), 2 left on base; Chula Vista 7 - Eau Claire 3 |
TOP OF THE 5TH |
Chula Vista Tacos batting - Pitching for Eau Claire Esquires : RHP Ray McIntyre
|
Batting: RHB Luis Martínez
|
0-0: Ball 1-0: Called Strike 1-1: Foul Ball, location: 2F 1-2: Ball 2-2: Ball 3-2: Strikes out swinging
|
Batting: LHB Alberto Santos
|
0-0: Ground out 1-3 (Groundball, 15)
|
Batting: RHB José Oliveira
|
0-0: Ball 1-0: Foul Ball, location: 2F 1-1: Ball 2-1: Ball 3-1: Foul Ball, location: 2F 3-2: Strikes out swinging
|
Top of the 5th over - 0 run(s), 0 hit(s), 0 error(s), 0 left on base; Chula Vista 7 - Eau Claire 3 |
BOTTOM OF THE 5TH |
Eau Claire Esquires batting - Pitching for Chula Vista Tacos : RHP Enrique Sánchez
|
Batting: RHB Roberto García
|
0-0: Called Strike 0-1: Foul Ball, location: 2F 0-2: Ball 1-2: Ball 2-2: Ball 3-2: SINGLE (Groundball, 56D)
|
Batting: LHB Michael Cook
|
0-0: Swinging Strike 0-1: Ball 1-1: Swinging Strike 1-2: Strikes out looking
|
Batting: RHB Norm Francis
|
0-0: SINGLE (Groundball, 6MD) Roberto García to second
|
Batting: RHB Dave Parker
|
0-0: Called Strike 0-1: Ball Single, Error in OF, E7, batter to second base Roberto García scores Norm Francis to third
|
Batting: RHB José Ruíz
|
0-0: Swinging Strike 0-1: Swinging Strike 0-2: Ball 1-2: SINGLE (Line Drive, 78S) Norm Francis scores Dave Parker to third
|
Batting: RHB Ronald Parsons
|
0-0: Swinging Strike 0-1: Ball 1-1: Ball 2-1: Swinging Strike 2-2: Ground out 3-1 (Groundball, 34) Dave Parker scores José Ruíz to second
|
Batting: LHB Manny Salazar
|
0-0: Called Strike 0-1: Fly out, F7 (Flyball, 78M)
|
Bottom of the 5th over - 3 run(s), 4 hit(s), 1 error(s), 1 left on base; Chula Vista 7 - Eau Claire 6 |
TOP OF THE 6TH |
Chula Vista Tacos batting - Pitching for Eau Claire Esquires : RHP Ray McIntyre
|
Batting: LHB Ken Phillips
|
0-0: Ball 1-0: SINGLE (Line Drive, 8LS)
|
Batting: RHB Jorge Collazo
|
0-0: Ball 1-0: Called Strike 1-1: Swinging Strike 1-2: Foul Ball, location: 2F 1-2: Ball 2-2: Ground out 5-3 (Groundball, 56S) Ken Phillips to second
|
Batting: RHB John Nelson
|
0-0: Called Strike 0-1: Swinging Strike Balk! Ken Phillips to third 0-2: Ground out 5-3 (Groundball, 56) Ken Phillips scores
|
Batting: SHB Adrián Nieto
|
0-0: Called Strike 0-1: Foul Ball, location: 2F 0-2: Ground out 4-3 (Groundball, 4)
|
Top of the 6th over - 1 run(s), 1 hit(s), 0 error(s), 0 left on base; Chula Vista 8 - Eau Claire 6 |
BOTTOM OF THE 6TH |
Eau Claire Esquires batting - Pitching for Chula Vista Tacos : RHP Enrique Sánchez
|
Batting: RHB Eric Fuller
|
0-0: Foul Ball, location: 2F 0-1: Ball 1-1: Foul Ball, location: 2F 1-2: Ground out 6-3 (Groundball, 6)
|
Batting: LHB Edwin Ryan
|
0-0: Called Strike 0-1: Foul Ball, location: 2F 0-2: Strikes out swinging
|
Batting: RHB Roberto García
|
0-0: Ball 1-0: Foul Ball, location: 2F 1-1: Ball 2-1: Ground out 2-3 (Groundball, 2L)
|
Bottom of the 6th over - 0 run(s), 0 hit(s), 0 error(s), 0 left on base; Chula Vista 8 - Eau Claire 6 |
TOP OF THE 7TH |
Chula Vista Tacos batting - Pitching for Eau Claire Esquires : RHP Ray McIntyre
|
Pitching: RHP Ignacio Torres
|
|
Batting: RHB Marty Hendrickson
|
0-0: Called Strike 0-1: Fly out, F8 (Flyball, 8RD)
|
Batting: RHB Griswold Coleman
|
0-0: Ball 1-0: Ball 2-0: Called Strike 2-1: Foul Ball, location: 2F 2-2: DOUBLE (Groundball, 5L)
|
Batting: RHB Luis Martínez
|
0-0: Intentional Walk
|
Pitching: LHP Charlie Conner
|
|
Pinch Hitting: RHB Francisco Rúbio
|
0-0: Foul Ball, location: 2F 0-1: Swinging Strike 0-2: Foul Ball, location: 2F 0-2: Ball 1-2: Strikes out swinging
|
Batting: RHB José Oliveira
|
0-0: Ball 1-0: Called Strike 1-1: Fly out, F4 (Popup, 4)
|
Top of the 7th over - 0 run(s), 1 hit(s), 0 error(s), 2 left on base; Chula Vista 8 - Eau Claire 6 |
BOTTOM OF THE 7TH |
Eau Claire Esquires batting - Pitching for Chula Vista Tacos : RHP Enrique Sánchez
|
Pitching: LHP Brock Saunders
|
|
Now in CF: Ray Bryant
|
|
Batting: LHB Michael Cook
|
0-0: Called Strike 0-1: Called Strike 0-2: Ball 1-2: Strikes out swinging
|
Pitching: LHP Raymond Ritchie
|
|
Batting: RHB Norm Francis
|
0-0: Ball 1-0: Swinging Strike 1-1: Swinging Strike 1-2: Ball 2-2: Ball 3-2: Foul Ball, location: 2F 3-2: Foul Ball, location: 2F 3-2: Base on Balls
|
Batting: RHB Dave Parker
|
0-0: Ball 1-0: Foul Ball, location: 2F 1-1: Ball 2-1: Grounds into double play, 4-6-3 (Groundball, 4)
|
Bottom of the 7th over - 0 run(s), 0 hit(s), 0 error(s), 0 left on base; Chula Vista 8 - Eau Claire 6 |
TOP OF THE 8TH |
Chula Vista Tacos batting - Pitching for Eau Claire Esquires : LHP Charlie Conner
|
Pitching: RHP Sean Bass
|
|
Batting: LHB Ken Phillips
|
0-0: Ball 1-0: Called Strike 1-1: Swinging Strike 1-2: Hit by Pitch
|
Batting: RHB Jorge Collazo
|
0-0: Bunt - Flyout! F1
|
Batting: RHB John Nelson
|
0-0: Called Strike 0-1: Called Strike 0-2: Foul Ball, location: 2F 0-2: Ball 1-2: Strikes out swinging
|
Batting: SHB Adrián Nieto
|
0-0: Ball 1-0: Fly out, F7 (Line Drive, 7M)
|
Top of the 8th over - 0 run(s), 0 hit(s), 0 error(s), 1 left on base; Chula Vista 8 - Eau Claire 6 |
BOTTOM OF THE 8TH |
Eau Claire Esquires batting - Pitching for Chula Vista Tacos : LHP Raymond Ritchie
|
Batting: RHB José Ruíz
|
0-0: Ball 1-0: Ball 2-0: Called Strike 2-1: Ball 3-1: Foul Ball, location: 2F 3-2: Base on Balls
|
Pitching: RHP Doug Singleton
|
|
Batting: RHB Ronald Parsons
|
0-0: Ball 1-0: Foul Ball, location: 2F 1-1: SINGLE (Flyball, 8RS) José Ruíz to second Runner from 2nd tries for 3rd, SAFE, throw made to third Ronald Parsons to second
|
Pitching: LHP Geoff Williams
|
|
Pinch Hitting: RHB Seiji Kouno
|
0-0: Ball 1-0: Called Strike 1-1: Foul Ball, location: 2F 1-2: Ball 2-2: Ball 3-2: Fly out, F9 (Flyball, 9LM) Runner from 3rd tags up, SCORES, no throw
|
Pitching: RHP Mike Marrero
|
|
Batting: RHB Eric Fuller
|
0-0: Called Strike 0-1: SINGLE (Line Drive, 4D) Ronald Parsons to third
|
Pitching: LHP Jerry Green
|
|
Batting: LHB Edwin Ryan
|
0-0: Ball 1-0: Ball 2-0: Called Strike 2-1: Swinging Strike 2-2: Foul Ball, location: 2F 2-2: Fielders Choice at 2nd, 3-6 (Groundball, 3) Ronald Parsons scores
|
Batting: RHB Roberto García
|
0-0: Foul Ball, location: 2F 0-1: Ball 1-1: Ball 2-1: Fly out, F9 (Flyball, 89D)
|
Bottom of the 8th over - 2 run(s), 2 hit(s), 0 error(s), 1 left on base; Chula Vista 8 - Eau Claire 8 |
TOP OF THE 9TH |
Chula Vista Tacos batting - Pitching for Eau Claire Esquires : RHP Sean Bass
|
Pitching: RHP Ignacio Beltrán
|
|
Now in LF: Seiji Kouno
|
|
Batting: RHB Marty Hendrickson
|
0-0: SINGLE (Groundball, 4MD)
|
Batting: RHB Griswold Coleman
|
0-0: Ball 1-0: Foul Ball, location: 2F 1-1: Called Strike 1-2: Ball 2-2: Strikes out looking
|
Batting: RHB Luis Martínez
|
0-0: Ball 1-0: Called Strike 1-1: Ball 2-1: Foul Ball, location: 2F 2-2: Ball 3-2: Strikes out swinging
|
Pinch Hitting: SHB Brian Price
|
0-0: Ball 1-0: Ball 2-0: Called Strike 2-1: Ball 3-1: Called Strike 3-2: Foul Ball, location: 2F 3-2: Base on Balls Marty Hendrickson to second
|
Pinch Hitting: RHB Doug Brown
|
0-0: Called Strike 0-1: Foul Ball, location: 2F 0-2: Foul Ball, location: 2F 0-2: Ball 1-2: Ball 2-2: Strikes out swinging
|
Top of the 9th over - 0 run(s), 1 hit(s), 0 error(s), 2 left on base; Chula Vista 8 - Eau Claire 8 |
BOTTOM OF THE 9TH |
Eau Claire Esquires batting - Pitching for Chula Vista Tacos : LHP Jerry Green
|
Pitching: RHP Manuel Ferreira
|
|
Now at C: Doug Brown
|
|
Now in CF: Jaime Icaza
|
|
Batting: LHB Michael Cook
|
0-0: Ball 1-0: Ground out 4-3 (Groundball, 34)
|
Batting: RHB Norm Francis
|
0-0: Foul Ball, location: 2F 0-1: SINGLE (Flyball, 6MD)
|
Batting: RHB Dave Parker
|
0-0: Ball Norm Francis is caught stealing 2nd base 1-0: Called Strike 1-1: Ball 2-1: Reached on error, E5 (Groundball, 56)
|
Pinch Hitting: RHB Carlos Rea
|
0-0: Ball 1-0: Ball 2-0: Ball 3-0: Called Strike 3-1: Called Strike 3-2: Foul Ball, location: 2F 3-2: Base on Balls
|
Batting: RHB Ronald Parsons
|
0-0: Ball 1-0: Called Strike 1-1: Called Strike 1-2: Strikes out looking
|
Bottom of the 9th over - 0 run(s), 1 hit(s), 1 error(s), 2 left on base; Chula Vista 8 - Eau Claire 8 |
TOP OF THE 10TH |
Chula Vista Tacos batting - Pitching for Eau Claire Esquires : RHP Ignacio Beltrán
|
Now at SS: Carlos Rea
|
|
Batting: LHB Ken Phillips
|
0-0: Ball 1-0: Ball 2-0: Ball 3-0: Base on Balls
|
Batting: RHB Jorge Collazo
|
0-0: Sac Bunt - play at first, batter OUT! 1-4 Ken Phillips to second
|
Batting: RHB John Nelson
|
0-0: Called Strike 0-1: Foul Ball, location: 2F 0-2: Strikes out swinging
|
Batting: SHB Adrián Nieto
|
0-0: Ball 1-0: Foul Ball, location: 2F 1-1: SINGLE (Line Drive, 8LS) Ken Phillips to third Runner from 3rd tries for Home, SAFE, no throw or cutoff
|
Pitching: RHP Albert Fisher
|
|
Batting: RHB Marty Hendrickson
|
0-0: Ball 1-0: Foul Ball, location: 2F 1-1: Ball 2-1: Foul Ball, location: 2F 2-2: Foul Ball, location: 2F 2-2: Ball 3-2: Base on Balls Adrián Nieto to second
|
Pinch Runner at 2nd Ryan Cates:
|
|
Batting: RHB Griswold Coleman
|
0-0: Ball 1-0: Ball 2-0: Ball 3-0: Called Strike 3-1: Ground out 4-3 (Groundball, 4)
|
Top of the 10th over - 1 run(s), 1 hit(s), 0 error(s), 2 left on base; Chula Vista 9 - Eau Claire 8 |
BOTTOM OF THE 10TH |
Eau Claire Esquires batting - Pitching for Chula Vista Tacos : RHP Manuel Ferreira
|
Now at 2B: Ryan Cates
|
|
Batting: RHB Seiji Kouno
|
0-0: Ball 1-0: Ball 2-0: Ball 3-0: Called Strike 3-1: Fly out, F9 (Flyball, 9M)
|
Batting: RHB Eric Fuller
|
0-0: Ball 1-0: Ball 2-0: Ground out 6-3 (Groundball, 6)
|
Batting: LHB Edwin Ryan
|
0-0: DOUBLE (Line Drive, 8RS)
|
Batting: RHB Roberto García
|
0-0: Called Strike 0-1: SINGLE (Line Drive, 8LS) Edwin Ryan to third Runner from 3rd tries for Home, SAFE, no throw or cutoff
|
Batting: LHB Michael Cook
|
0-0: Ball 1-0: Fly out, F8 (Flyball, 8RD)
|
Bottom of the 10th over - 1 run(s), 2 hit(s), 0 error(s), 1 left on base; Chula Vista 9 - Eau Claire 9 |
TOP OF THE 11TH |
Chula Vista Tacos batting - Pitching for Eau Claire Esquires : RHP Albert Fisher
|
Batting: RHB Luis Martínez
|
0-0: Reached on Error, E7 (Line Drive, 7S)
|
Batting: LHB Jaime Icaza
|
0-0: Foul Ball, location: 2F 0-1: Sac Bunt - play at first, batter OUT! 1-4 Luis Martínez to second
|
Batting: RHB Doug Brown
|
0-0: Intentional Walk
|
Pinch Runner at 2nd Ron Glass:
|
|
Batting: LHB Ken Phillips
|
0-0: Ball 1-0: Swinging Strike 1-1: Called Strike 1-2: SINGLE (Groundball, 4MD) Ron Glass to third Doug Brown to second Runner from 3rd tries for Home, SAFE, no throw or cutoff
|
Batting: RHB Jorge Collazo
|
0-0: Ball 1-0: Called Strike 1-1: SINGLE (Groundball, 4MD) (infield hit) Doug Brown to third Ken Phillips to second
|
Batting: RHB John Nelson
|
0-0: Called Strike 0-1: Ball 1-1: Called Strike 1-2: Strikes out swinging
|
Pinch Hitting: LHB Karl Hill
|
0-0: Called Strike 0-1: Ball 1-1: Called Strike 1-2: Ball 2-2: SINGLE (Groundball, 5D) Doug Brown scores Ken Phillips to third Jorge Collazo to second Runner from 3rd tries for Home, SAFE, no throw or cutoff
|
Pitching: RHP Francisco Anaya
|
|
Batting: RHB Marty Hendrickson
|
0-0: Fly out, F3 (Popup, 3F)
|
Top of the 11th over - 3 run(s), 3 hit(s), 1 error(s), 2 left on base; Chula Vista 12 - Eau Claire 9 |
BOTTOM OF THE 11TH |
Eau Claire Esquires batting - Pitching for Chula Vista Tacos : RHP Manuel Ferreira
|
Pitching: RHP Jody Clemente
|
|
Now at 2B: Matt Rodríguez
|
|
Now in LF: Karl Hill
|
|
Batting: RHB Norm Francis
|
0-0: Ball 1-0: Swinging Strike 1-1: Ball 2-1: Ball 3-1: Base on Balls
|
Batting: RHB Dave Parker
|
0-0: Ball 1-0: Ball 2-0: Called Strike 2-1: Swinging Strike 2-2: Hit by Pitch Norm Francis to second
|
Pinch Hitting: LHB Alfredo González
|
0-0: Called Strike 0-1: Ball 1-1: Ball 2-1: Swinging Strike 2-2: Ball 3-2: Strikes out looking
|
Batting: RHB Ronald Parsons
|
0-0: Foul Ball, location: 2F 0-1: Fly out, F8 (Flyball, 8LS)
|
Batting: RHB Seiji Kouno
|
0-0: Called Strike 0-1: Foul Ball, location: 2F 0-2: Ball 1-2: Fly out, F7 (Flyball, 7D)
|
Bottom of the 11th over - 0 run(s), 0 hit(s), 0 error(s), 2 left on base; Chula Vista 12 - Eau Claire 9 |
|